 Dungeon Crawl Stone Soup version 0.30-a0-610-gb513c0a51f (webtiles) character file.

Game seed: 5110080703671639106

340 MacCMillion the Shooter (level 6, -2/30 HPs)
             Began as a Spriggan Hunter on Jan 8, 2023.
             Was an Initiate of Okawaru.
             Killed by divine providence
             ... invoked by an orc priest
              (17 damage)
             ... on level 4 of the Dungeon.
             The game lasted 00:09:49 (3240 turns).

MacCMillion the Shooter (Spriggan Hunter)           Turns: 3240, Time: 00:09:49

Health: -2/30      AC:  2    Str:  7    XL:     6   Next: 30%
Magic:  7/7        EV: 18    Int: 10    God:    Okawaru [......]
Gold:   173        SH:  0    Dex: 21    Spells: 5/5 levels left

rFire   . . .      SeeInvis +    a - +0 shortbow (flame)
rCold   . . .      Faith    .    (shield currently unavailable)
rNeg    . . .      Spirit   .    c - +0 robe
rPois   .          Reflect  .    (helmet restricted)
rElec   .          Harm     .    (no cloak)
rCorr   .          Rampage  .    (gloves unavailable)
Will    +....                    (boots unavailable)
Stlth   ++                       (no amulet)
HPRegen 0.25/turn                (no ring)
MPRegen 0.10/turn                (no ring)

@: very quick
A: very small, no large weapons, unfitting armour, see invisible, speed 3
a: Renounce Religion


You were on level 4 of the Dungeon.
You worshipped Okawaru.
Okawaru was noncommittal.
You visited 2 branches of the dungeon, and saw 5 of its levels.

You collected 173 gold pieces.

Inventory:

Hand Weapons
 a - a +0 shortbow of flaming (weapon)
 j - a +0 sling
Armour
 c - a +0 robe (worn)
Jewellery
 q - a ring of protection from cold
Scrolls
 b - a scroll of immolation
 i - 4 scrolls of teleportation
 n - a scroll of brand weapon
 o - a scroll of enchant weapon
 p - a scroll of fear
Potions
 e - a potion of might {unknown}
 f - 2 potions of haste {unknown}
 g - 3 potions of curing
 h - 4 potions of mutation {unknown}
 k - a potion of degeneration {unknown}
 l - a potion of heal wounds {unknown}
 m - a potion of brilliance {unknown}
 r - 3 potions of attraction {unknown}


   Skills:
 - Level 1.7 Fighting
 + Level 7.5 Ranged Weapons
 - Level 2.9 Dodging
 - Level 2.0 Stealth


You had 5 spell levels left.
You didn't know any spells.
Your spell library contained the following spells:

 Spells                   Type           Power      Damage    Failure   Level
 Magic Dart               Conj           0%         1d3       36%         1
 Cigotuvi's Dreadful Rot  Necr/Pois/Air  0%         N/A       50%         2
 Poisonous Vapours        Pois/Air       0%         N/A       50%         2
 Searing Ray              Conj           0%         2d4       50%         2
 Mephitic Cloud           Conj/Pois/Air  0%         N/A       75%         3
 Fulminant Prism          Conj/Hex       0%         3d5       98%         4


Dungeon Overview and Level Annotations

Branches:
Dungeon (4/15)             Temple (1/1) D:4

Altars:
Cheibriados
Dithmenos
Elyvilon
Fedhas
Hepliaklqana
Nemelex Xobeh
Okawaru
Qazlal
Ru
Uskayaw
Vehumet
Xom
Yredelemnul
The Shining One


Innate Abilities, Weirdness & Mutations

You are very small and have problems with some larger weapons.
You are too small for most types of armour.
You have supernaturally acute eyesight. (SInv)
You cover ground extremely quickly. (Speed+++)


Message History

Aim: a jelly (moderately wounded, 91% to hit)
You shoot an arrow. The arrow hits the jelly.
The arrow burns the jelly.
The jelly is almost dead.
Unknown command.
Fire: a) +0 shortbow (flame)
Press: ? - help, Q - select action Shift-Dir - straight line, f/p - jelly
Aim: a jelly (almost dead, 91% to hit)
You shoot an arrow. The arrow hits the jelly.
The arrow burns the jelly.
You kill the jelly!
Okawaru accepts your kill.
Unknown command.
Fire: a) +0 shortbow (flame)
Press: ? - help, Q - select action Shift-Dir - straight line, f - goblin
Aim: a goblin, wielding a +0 club (59% to hit)
You shoot an arrow. The arrow hits the goblin!
The arrow burns the goblin.
You kill the goblin!
Unknown command.
Things that are here:
a +0 club; a +0 sling; a goblin corpse
Found a stone staircase leading down.
An orc priest comes into view. It is wielding a +0 flail.
There is a stone staircase leading down here.
The orc priest shouts!
Fire: a) +0 shortbow (flame)
Press: ? - help, Q - select action Shift-Dir - straight line, f - orc priest
Aim: an orc priest, wielding a +0 flail (65% to hit)
You shoot an arrow. The arrow hits the orc priest!
The arrow burns the orc priest.
The orc priest is severely wounded.
Unknown command.
Fire: a) +0 shortbow (flame)
Press: ? - help, Q - select action Shift-Dir - straight line, f/p - orc priest
Aim: an orc priest, wielding a +0 flail (severely wounded, 65% to hit)
You shoot an arrow.
The arrow hits the orc priest but does no damage.
The orc priest is severely wounded.
The orc priest mumbles some strange prayers to Beogh against you.
Beogh smites you!
Ouch! That really hurt!
You die...

###################
..)....).......#..#
###....#...##..#..#
#....#...# #.#..##
###....##..###.#.>.#
..)...###......#.###
..#...# ##.....#.#
..#...# ###...#@# .
#).## ####)#.#
###..# ####....#o##
)...## #.......#..#
...## ...........#
.### ........#### ##
###o###.# ... #.#
... #.#


You could see an orc priest.

Vanquished Creatures
  A howler monkey (D:4)
  2 orc priests
  A jelly (D:4)
  An iguana (D:4)
  2 orc wizards (D:3)
  4 adders (D:3)
  2 worms
  3 dart slugs
  11 orcs
  10 endoplasms
  13 hobgoblins
  4 jackals (D:1)
  3 ball pythons
  7 bats
  2 frilled lizards (D:1)
  9 goblins
  5 kobolds
  4 rats
84 creatures vanquished.

Vanquished Creatures (others)
  A plant (D:2)
1 creature vanquished.

Grand Total: 85 creatures vanquished

Notes
Turn   | Place    | Note
-------+----------+-------------------------------------------
     0 | D:1      | MacCMillion the Spriggan Hunter began the quest for the
                  | Orb.
     0 | D:1      | Reached XP level 1. HP: 10/10 MP: 2/2
   296 | D:1      | Reached XP level 2. HP: 15/15 MP: 3/3
   928 | D:2      | Reached XP level 3. HP: 18/18 MP: 4/4
  1153 | D:2      | Found a faded altar of an unknown god.
  1448 | D:2      | Reached skill level 5 in Ranged Weapons
  2084 | D:3      | Reached XP level 4. HP: 18/23 MP: 5/5
  2271 | D:3      | Found a shimmering altar of Xom.
  2439 | D:3      | Reached skill level 6 in Ranged Weapons
  2442 | D:3      | Reached XP level 5. HP: 26/26 MP: 6/6
  2825 | D:4      | Noticed a phantom
  2894 | D:4      | Found a radiant altar of Vehumet.
  2898 | D:4      | Reached skill level 7 in Ranged Weapons
  2985 | D:4      | Found a staircase to the Ecumenical Temple.
  2993 | Temple   | Entered the Ecumenical Temple
  3043 | Temple   | Became a worshipper of Warmaster Okawaru
  3107 | D:4      | Reached XP level 6. HP: 20/30 MP: 7/7
  3240 | D:4      | Killed from afar by an orc priest

Illustrated notes

Levels and vault maps discovered:
D:1:      lightli_iron_boxes, layout_basic
D:2:      cheibrodos_old_hovel, layout_loops_corners,
          shapermc_ecumenical_altar_mp_ritualfount, wad_floor_pattern_untrapped
D:3:      layout_basic, mainiacjoe_overflow_boulevard, kennysheep_boxes
D:4:      minmay_recursive_quarters, layout_cave_pools, kennysheep_mini_moat,
          minmay_temple_entry_wispy, portal_sewer_entry_d,
          lightli_corner_chamber
Temple:   nicolae_temple_elliptical

Skill      XL: |  1  2  3  4  5 |
---------------+----------------+-----
Stealth        | 2 |  2.0
Ranged Weapons | 5 6 7 |  7.5
Fighting       | |  1.7
Dodging        | |  2.9

Action                   |  1- 3 |  4- 6 || total
-------------------------+-------+-------++-------
 Fire: Shortbow          |    99 |   144 ||   243
       Sling             |    24 |       ||    24
  Use: Scroll            |       |     5 ||     5
Armor: Robe              |     4 |     1 ||     5
Dodge: Dodged            |    28 |    23 ||    51

Table legend: (Time is in decaauts)
 A = Elapsed time spent in this place.
 B = Non-inter-level travel time spent in this place.
 C = Inter-level travel time spent in this place.
 D = Time resting spent in this place.
 E = Time spent auto-exploring this place.
 F = Levels seen in this place.
 G = Mean time per level.
                   A        B        C        D        E       F      G
               +--------+--------+--------+--------+--------+-----+--------+
         Total |   2349 |   2241 |    108 |    422 |   1006 |   5 |  469.8 |
       Dungeon |   2306 |   2207 |     99 |    422 |   1004 |   4 |  576.5 |
        Temple |     43 |     34 |      9 |      0 |      2 |   1 |   43.0 |
               +--------+--------+--------+--------+--------+-----+--------+

Top non-repeatable levels by time:
     D:2: 710 daAuts
     D:3: 666 daAuts
     D:1: 645 daAuts
     D:4: 283 daAuts
  Temple: 43 daAuts
